 Dungeon Crawl Stone Soup version 0.32-a0-484-g2eb335deba (webtiles) character file.

Game seed: 10718052403486074905

6910 Cuillere the Blocker (level 10, -10/90 (94) HPs)
             Began as a Minotaur Fighter on Feb 26, 2024.
             Mangled by a tengu warrior
             ... wielding a +1 great mace of protection
              (17 damage)
             ... on level 10 of the Dungeon.
             The game lasted 00:23:30 (7435 turns).

Cuillere the Blocker (Minotaur Fighter)             Turns: 7435, Time: 00:23:30

HP:   -10/90 (94)   AC: 15    Str: 25    XL:     10   Next: 79%
MP:   9/9           EV:  8    Int:  5    God:
Gold: 326           SH:  6    Dex: 10    Spells: 9/9 levels left

rFire   . . .        I - +2 war axe
rCold   . . .        c - +0 buckler
rNeg    + . .        v - +0 chain mail
rPois   +            (helmet restricted)
rElec   .            b - +0 cloak
rCorr   .            (no gloves)
SInv    .            q - +1 pair of boots
Will    .....        e - amulet of regeneration Stlth
                     B - ring of poison resistance
HPRegen 1.15/turn    o - ring of positive energy
MPRegen 0.11/turn

%: no passive effects
@: lightly drained
A: horns 2, retaliatory headbutt
a: no special abilities


You were on level 10 of the Dungeon.
You visited 1 branch of the dungeon, and saw 10 of its levels.

You collected 326 gold pieces.

Inventory:

Hand Weapons
 x - a +2 heavy hand axe
 H - a +0 dagger
 I - a +2 war axe (weapon)
Armour
 b - a +0 cloak (worn)
 c - a +0 buckler (worn)
 q - a +1 pair of boots (worn)
 v - a +0 chain mail (worn)
 G - the +1 ring mail "Ferph" {-Tele rC++ rCorr Str+3}
   (You found it on level 8 of the Dungeon)

   Str+3:     It affects your strength (+3).
   rC++:      It greatly protects you from cold.
   -Tele:     It prevents most forms of teleportation.
   rCorr:     It protects you from acid and corrosion.
Jewellery
 e - an amulet of regeneration (around neck)
 g - a ring of wizardry
 o - a ring of positive energy (right hand)
 B - a ring of poison resistance (left hand)
 F - a ring of fire
Wands
 D - a wand of charming (21)
 E - a wand of flame (20)
Scrolls
 a - a scroll of immolation
 f - 4 scrolls of enchant armour
 k - 2 scrolls of enchant weapon {unknown}
 l - a scroll of fog
 n - 3 scrolls of blinking
 r - 4 scrolls of teleportation
 s - a scroll of amnesia
 u - a scroll of fear
 y - 2 scrolls of silence {unknown}
 A - 3 scrolls of revelation
 C - 5 scrolls of noise
Potions
 d - 4 potions of might
 h - a potion of invisibility {unknown}
 i - a potion of resistance {unknown}
 j - 2 potions of heal wounds {unknown}
 m - 3 potions of cancellation
 p - a potion of attraction {unknown}
 t - a potion of curing {unknown}
 w - 2 potions of enlightenment {unknown}
 z - a potion of degeneration {unknown}


   Skills:
 + Level 10.6 Fighting
 + Level 9.9(10.0) Axes
 - Level 2.0(6.6) Maces & Flails
 + Level 10.6 Armour
 + Level 10.6 Shields


You had 9 spell levels left.
You didn't know any spells.
Your spell library was empty.

Dungeon Overview and Level Annotations

Branches:
Dungeon (10/15)            Temple (0/1) D:6
   Lair: D:8-11         Orc: D:9-12

Altars:
Elyvilon
Fedhas
Okawaru
Qazlal
Ru
Sif Muna
Wu Jian
Xom
The Shining One

Annotations:
D:10 Amaemon, Nergalle


Innate Abilities, Weirdness & Mutations

You have a pair of horns on your head.
You reflexively headbutt those who attack you in melee.


Message History

You miss the tengu warrior.
The tengu warrior hits you but does no damage.
You block the tengu warrior's attack.
The tengu warrior claws you but does no damage.
Nergalle hits you but does no damage.
You hit Nergalle but do no damage.
Nergalle is almost dead.
You hit the tengu warrior but do no damage.
You block the tengu warrior's attack.
The tengu warrior pecks you but does no damage.
The tengu warrior claws you but does no damage.
Nergalle closely misses you.
You barely miss Nergalle. Your headbutt misses Nergalle.
Nergalle is almost dead.
You closely miss the tengu warrior.
The tengu warrior hits you with a +1 great mace of protection.
The tengu warrior pecks you.
* * * LOW HITPOINT WARNING * * *
The tengu warrior claws you but does no damage.
Nergalle hits you but does no damage.
You closely miss Nergalle. You headbutt Nergalle.
Nergalle is almost dead.
You miss the tengu warrior. The tengu warrior misses you.
The tengu warrior pecks you but does no damage.
The tengu warrior barely misses you. You block Nergalle's attack.
You hit Nergalle. Your headbutt misses Nergalle.
Nergalle is almost dead.
You hit the tengu warrior.
The tengu warrior hits you with a +1 great mace of protection!
* * * LOW HITPOINT WARNING * * *
The tengu warrior pecks you but does no damage.
The tengu warrior barely misses you.
Nergalle points at you and mumbles some strange words.
The bolt of negative energy hits you! You partially resist.
You feel drained.
* * * LOW HITPOINT WARNING * * *
You closely miss Nergalle.
Nergalle is almost dead.
You hit the tengu warrior.
The tengu warrior hits you with a +1 great mace of protection!
You die...

.......<.###......#
..../##..# #.....##.. ..
.....##..# ......#:. ...
.........### #........ ....
..~.≈......###...# .##....
..~.............# .....
~~~..(..<......## ...♣.#
≈S~~~...........####.....##
~≈~............o@......_(..
~≈.~~S.........).Q.##......
≈~~~...................♣...
≈≈≈≈~S..........$........ .
h≈≈~..............####....
~≈≈~..............# ....
≈≈~~.............## . #
.~..............


You could see Nergalle and a tengu warrior.

Vanquished Creatures
  A two-headed ogre (D:8)
  Pikel (D:6)
  3 trolls
  Sigmund (D:3)
  Eustachio (D:6)
  Edmund (D:4)
  2 water moccasins
  3 sky beasts
  A black bear (D:7)
  An orc warrior (D:8)
  2 ice beasts (D:6)
  2 ogres
  A wolf (D:10)
  4 centaurs
  3 lemures (D:6)
  A phantom (D:5)
  5 kobold brigands
  2 bullfrogs
  A scorpion (D:7)
  27 wights
  The ghost of 1Anon the Caller, a weakling TrSu (D:3)
  8 killer bees (D:9)
  7 howler monkeys
  2 bombardier beetles (D:5)
  5 hounds
  2 orc priests
  Crazy Yiuf (D:2)
  A gnoll bouda (D:5)
  Jessica (D:2)
  5 iguanas
  3 orc wizards
  11 gnolls
  3 adders
  3 white imps
  2 dart slugs
  3 ribbon worms
  15 orcs
  4 bats
  3 endoplasms
  A giant cockroach (D:1)
  7 goblins
  4 hobgoblins
  6 jackals
  27 kobolds
  3 quokkas
  5 ball pythons
  5 frilled lizards
  7 rats
208 creatures vanquished.

Vanquished Creatures (others)
  An acid dragon (D:10)
1 creature vanquished.

Grand Total: 209 creatures vanquished

Notes
Turn   | Place    | Note
-------+----------+-------------------------------------------
     0 | D:1      | Cuillere the Minotaur Fighter began the quest for the Orb.
     0 | D:1      | Reached XP level 1. HP: 19/19 MP: 0/0
   162 | D:1      | Reached XP level 2. HP: 27/27 MP: 1/1
   358 | D:1      | Found a faded altar of an unknown god.
   740 | D:2      | Reached XP level 3. HP: 33/33 MP: 2/2
  1100 | D:2      | Reached XP level 4. HP: 41/41 MP: 3/3
  1173 | D:2      | Noticed Jessica
  1175 | D:2      | Killed Jessica
  1451 | D:2      | Found a runed translucent door.
  1452 | D:2      | Noticed Crazy Yiuf
  1522 | D:2      | Killed Crazy Yiuf
  1958 | D:3      | Reached XP level 5. HP: 47/47 MP: 4/4
  2161 | D:3      | Noticed Sigmund
  2173 | D:3      | Killed Sigmund
  2174 | D:3      | Reached skill level 5 in Fighting
  2174 | D:3      | Reached skill level 5 in Armour
  2174 | D:3      | Reached skill level 5 in Shields
  2174 | D:3      | Reached XP level 6. HP: 56/56 MP: 5/5
  2176 | D:3      | Found a runed translucent door.
  2181 | D:3      | Noticed 1Anon's ghost (weakling TrSu)
  2181 | D:3      | Noticed a water moccasin
  2267 | D:3      | Found an iron altar of Okawaru.
  2268 | D:3      | Found a blossoming altar of Fedhas.
  2471 | D:3      | Noticed a sky beast
  2482 | D:3      | Killed a sky beast
  2652 | D:3      | Killed a water moccasin
  2653 | D:3      | Reached XP level 7. HP: 62/62 MP: 6/6
  2659 | D:3      | Killed 1Anon's ghost
  2660 | D:3      | Reached skill level 5 in Axes
  2666 | D:3      | Identified the staff "Siohuam" {rN+ Dex-2 Necro Tloc Fire
                  | Alchemy}
  3150 | D:4      | Noticed Edmund
  3163 | D:4      | Killed Edmund
  3570 | D:5      | Entered Level 5 of the Dungeon
  3770 | D:5      | Reached XP level 8. HP: 55/71 MP: 7/7
  4440 | D:6      | Found a sacrificial altar of Ru.
  4483 | D:6      | Found a staircase to the Ecumenical Temple.
  4557 | D:6      | Noticed Pikel
  4578 | D:6      | Killed Pikel
  4579 | D:6      | Reached XP level 9. HP: 71/81 MP: 8/8
  4672 | D:6      | Noticed Eustachio
  4677 | D:6      | Reached skill level 1 in Maces & Flails
  4679 | D:6      | Killed Eustachio
  5215 | D:7      | Found an ornate altar of the Wu Jian Council.
  5336 | D:7      | Found a stormy altar of Qazlal.
  5729 | D:7      | Reached XP level 10. HP: 90/91 MP: 9/9
  5742 | D:7      | Found a shimmering altar of Xom.
  5742 | D:7      | Found a shimmering altar of Xom.
  5742 | D:7      | Found a shimmering altar of Xom.
  5742 | D:7      | Found a shimmering altar of Xom.
  5742 | D:7      | Found a shimmering altar of Xom.
  5864 | D:8      | Identified the +1 ring mail "Ferph" {-Tele rC++ rCorr
                  | Str+3}
  5929 | D:8      | Found a white marble altar of Elyvilon.
  6001 | D:8      | Found a shimmering blue altar of Sif Muna.
  6592 | D:8      | Noticed a two-headed ogre
  6610 | D:8      | Killed a two-headed ogre
  6776 | D:9      | Reached skill level 10 in Armour
  6780 | D:9      | Reached skill level 10 in Fighting
  6780 | D:9      | Reached skill level 10 in Shields
  7176 | D:10     | Entered Level 10 of the Dungeon
  7278 | D:10     | Noticed a tengu warrior
  7281 | D:10     | Noticed Amaemon
  7324 | D:10     | Noticed an orange demon
  7410 | D:10     | Noticed Nergalle
  7413 | D:10     | Found a glowing golden altar of the Shining One.
  7435 | D:10     | Mangled by a tengu warrior

Illustrated notes

Levels and vault maps discovered:
D:1:      scummos_arrival_checkerplants, layout_loops_ring,
          chequers_ecumenical_altar_simple_redux, columned_hall_lemuel,
          minmay_misc_feat_enclosed
D:2:      layout_basic, roderic_serpentine_path, uniq_jessica,
          uniq_crazy_yiuf_cottage
D:3:      layout_loops_corners, nicolae_overflow_squiral,
          ebering_ghost_inner_flame, kennysheep_nondescript, uniq_sigmund
D:4:      layout_basic, grunt_decor_clamped, uniq_edmund
D:5:      layout_loops_ring
D:6:      layout_cave_pools, overflow_temple_1_default,
          minmay_temple_entry_arrows, serial_glass, glass_columns_b,
          glass_columns_a, nrook_mini_backslash, nicolae_houndstooth_variations,
          uniq_eustachio, uniq_pikel
D:7:      layout_basic, xom_shifter_show, nicolae_qazlal_scattered_showers,
          general_overflow_altar, grunt_ministairs_6
D:8:      layout_loops_ring, nicolae_sif_muna_condensation, elyvilon_altar_1
D:9:      layout_rooms
D:10:     layout_cave_pools, mainiacjoe_overflow_tiny_flanked, erik_lair_island,
          uniq_nergalle, uniq_amaemon

Skill      XL: |  1  2  3  4  5  6  7  8  9 10 |
---------------+-------------------------------+-----
Shields        | 4 5 6 7 9 10 | 10.6
Fighting       | 4 5 6 7 9 10 | 10.6
Armour         | 4 5 6 7 9 10 | 10.6
Axes           | 3 4 5 7 8 9 |  9.9
Maces & Flails | 2 |  2.0

Action                     |  1- 3 |  4- 6 |  7- 9 | 10-12 || total
---------------------------+-------+-------+-------+-------++-------
  Melee: War axe           |    70 |    24 |       |    31 ||   125
         Headbutt          |     7 |    10 |    58 |    26 ||   101
         Hand axe          |       |    23 |   255 |   112 ||   390
         Morningstar       |       |       |    29 |       ||    29
  Evoke: Wand              |       |       |       |     2 ||     2
    Use: Scroll            |       |       |     7 |     2 ||     9
 Armour: Scale mail        |    51 |     7 |       |       ||    58
         Chain mail        |       |    22 |   321 |   210 ||   553
  Dodge: Dodged            |    33 |    20 |   129 |    87 ||   269
  Block: Buckler           |    22 |    10 |    88 |    74 ||   194

Table legend: (Time is in decaauts)
 A = Elapsed time spent in this place.
 B = Non-inter-level travel time spent in this place.
 C = Inter-level travel time spent in this place.
 D = Time resting spent in this place.
 E = Time spent auto-exploring this place.
 F = Levels seen in this place.
 G = Mean time per level.
                   A        B        C        D        E       F      G
               +--------+--------+--------+--------+--------+-----+--------+
         Total |   7637 |   6806 |    831 |      0 |   5176 |  10 |  763.7 |
       Dungeon |   7637 |   6806 |    831 |      0 |   5176 |  10 |  763.7 |
               +--------+--------+--------+--------+--------+-----+--------+

Top non-repeatable levels by time:
     D:3: 1113 daAuts
     D:2: 1087 daAuts
     D:8: 870 daAuts
     D:5: 844 daAuts
     D:7: 799 daAuts
     D:1: 755 daAuts
     D:6: 731 daAuts
     D:4: 692 daAuts
     D:9: 666 daAuts
    D:10: 76 daAuts
